 Dungeon Crawl Stone Soup version 0.30-a0-782-ge64f9170bb (webtiles) character file.

Game seed: 12368720426330207251

45 Barriton the Conjurer (level 3, -4/26 HPs)
             Began as a Draconian Conjurer on Feb 28, 2023.
             Slain by Sigmund
             ... wielding a +0 scythe
              (6 damage)
             ... on level 2 of the Dungeon.
             The game lasted 00:01:45 (2011 turns).

Barriton the Conjurer (Draconian Conjurer)          Turns: 2011, Time: 00:01:46

Health: -4/26      AC:  6    Str:  9    XL:     3   Next: 42%
Magic:  1/6        EV: 12    Int: 20    God:
Gold:   136        SH:  0    Dex:  9    Spells: 3/6 levels left

rFire   . . .      SeeInvis .    (no weapon)
rCold   . . .      Faith    .    (no shield)
rNeg    . . .      Spirit   .    (body armour unavailable)
rPois   .          Reflect  .    (helmet restricted)
rElec   .          Harm     .    (no cloak)
rCorr   .          Rampage  .    (no gloves)
Will    .....                    f - +0 pair of boots
Stlth   +                        (no amulet)
HPRegen 0.24/turn                (no ring)
MPRegen 0.10/turn                (no ring)

@: confused
A: AC +5, unfitting armour, cold-blooded
a: no special abilities


You were on level 2 of the Dungeon.
You visited 1 branch of the dungeon, and saw 2 of its levels.

You collected 136 gold pieces.

Inventory:

Armour
 f - a +0 pair of boots (worn)
Jewellery
 g - an amulet of regeneration
Scrolls
 d - 2 scrolls of identify
Potions
 a - a potion of magic
 b - a potion of mutation {unknown}
 c - a potion of haste {unknown}
 e - 2 potions of heal wounds


   Skills:
 + Level 0.1 Fighting
 + Level 2.0 Dodging
 + Level 1.9 Stealth
 + Level 2.3 Spellcasting
 + Level 4.8 Conjurations


You had 3 spell levels left.
You knew the following spells:

 Your Spells              Type           Power      Damage    Failure   Level
a - Magic Dart            Conj           84%        1d7       1%          1
b - Searing Ray           Conj           42%        2d6       3%          2

Your spell library contained the following spells:

 Spells                   Type           Power      Damage    Failure   Level
 Dazzling Flash           Conj/Hex       24%        N/A       17%         3
 Ignite Poison            Fire/Tmut/Pois 2%         N/A       41%         3
 Fulminant Prism          Conj/Hex       6%         3d7       50%         4
 Iskenderun's Mystic Bla  Conj/Tloc      12%        2d5       50%         4
 Sticky Flame             Conj/Fire      12%        2d4       50%         4
 Ignition                 Fire           1%         3d3       100%        8


Dungeon Overview and Level Annotations

Branches:
Dungeon (2/15)

Altars:
Dithmenos

Annotations:
D:2 Sigmund


Innate Abilities, Weirdness & Mutations

Your plain brown scales are hard. (AC +5)
You cannot fit into any form of body armour.
You are cold-blooded and may be slowed by cold attacks.


Message History

You closely miss Sigmund.
Sigmund is almost dead.
You hit Sigmund but do no damage.
Sigmund is almost dead.
Sigmund barely misses you.
Casting: Magic Dart (safe; 1% risk of failure)
Confirm with . or Enter, or press ? or * to list all spells.
Aiming: Magic Dart (safe; 1% risk of failure)
Press: ? - help, Shift-Dir - straight line, f/p - Sigmund
Aim: Sigmund, wielding a +0 scythe and wearing a +2 robe (almost dead, 100% to hit)
The magic dart hits Sigmund but does no damage.
Sigmund is almost dead.
Sigmund closely misses you.
You hit Sigmund but do no damage.
You tail-slap Sigmund, but do no damage.
Sigmund is almost dead.
You hit Sigmund but do no damage.
Your tail-slap misses Sigmund.
Sigmund is almost dead.
Sigmund laughs darkly.
Sigmund casts a spell at you.
You are confused.
You bump into the rock wall.
Sigmund mumbles some strange words.
Sigmund flickers and vanishes!
Deactivating autopickup; reactivate with Ctrl-A.
You bump into the rock wall.
You hear some strange, mumbled words.
You are more confused.
You barely miss something. Something hits you!
You bump into the rock wall.
Something hits you.
You closely miss something. You miss something. Something hits you.
You bump into the rock wall.
Something hits you!
* * * LOW HITPOINT WARNING * * *
You're too confused to cast spells.
Sorry, you're not good enough to have a special ability.
You bump into the rock wall.
You're too confused to cast spells.
Something hits you but does no damage. Something hits you.
You die...

#....####### #.#
#.#........# #.#
#.#.######.# #.# #.#.#
#.# #.# #.#.# #.# #†#
#.#.# #.# #.# #.#.# #{#
#.# #.#.######.# #.#
#.....>...@# #.#
###.######## #.# #.#
#.#
#########.##########.##
.........>.[..........#
#########.#############
#########.# ..........#
###########


There were no monsters in sight!

Vanquished Creatures
  A worm (D:2)
  2 dart slugs
  3 bats
  7 endoplasms
  2 giant cockroaches
  A goblin (D:1)
  3 hobgoblins
  4 kobolds
  A quokka (D:1)
  5 ball pythons
  2 frilled lizards
  A rat (D:1)
32 creatures vanquished.

Notes
Turn   | Place    | Note
-------+----------+-------------------------------------------
     0 | D:1      | Barriton the Draconian Conjurer began the quest for the
                  | Orb.
     0 | D:1      | Reached XP level 1. HP: 14/14 MP: 3/3
   272 | D:1      | Reached XP level 2. HP: 20/20 MP: 0/5
  1347 | D:2      | Learned a level 2 spell: Searing Ray
  1449 | D:2      | Reached XP level 3. HP: 26/26 MP: 1/6
  1530 | D:2      | Found a shadowy altar of Dithmenos.
  1988 | D:2      | Noticed Sigmund
  2009 | D:2      | HP: 1/26 [something (7)]
  2011 | D:2      | Slain by Sigmund

Illustrated notes

Levels and vault maps discovered:
D:1:      erik_arrival_cave_to_civilisation [erik_arrival_cave_to_hall],
          layout_loops_corners
D:2:      layout_basic, basic_altar, uniq_sigmund

Skill      XL: |  1  2 |
---------------+-------+-----
Dodging        | 2 |  2.0
Fighting       | |  0.1
Stealth        | |  1.9
Spellcasting   | |  2.3
Conjurations   | |  4.8

Action                     || total
---------------------------++-------
  Melee: Unarmed           ||     9
         Tailslap          ||     1
   Cast: Magic Dart        ||    69
         Searing Ray       ||     1
    Use: Scroll            ||     3
 Armour: Skin              ||     7
  Dodge: Dodged            ||     6

Table legend: (Time is in decaauts)
 A = Elapsed time spent in this place.
 B = Non-inter-level travel time spent in this place.
 C = Inter-level travel time spent in this place.
 D = Time resting spent in this place.
 E = Time spent auto-exploring this place.
 F = Levels seen in this place.
 G = Mean time per level.
                   A        B        C        D        E       F      G
               +--------+--------+--------+--------+--------+-----+--------+
         Total |   2010 |   1952 |     58 |      0 |   1783 |   2 | 1005.0 |
       Dungeon |   2010 |   1952 |     58 |      0 |   1783 |   2 | 1005.0 |
               +--------+--------+--------+--------+--------+-----+--------+

Top non-repeatable levels by time:
     D:1: 1319 daAuts
     D:2: 691 daAuts
